 Dungeon Crawl Stone Soup version 0.31-a0-702-gf82c85558f (webtiles) character file.

Game seed: 17770780041173826464

109148 qw the Marksgargoyle (level 16, 0/112 HPs)
             Began as a Gargoyle Hunter on Sept 7, 2023.
             Was an Elder of Okawaru.
             Slain by a brown ugly thing (7 damage)
             ... on level 14 of the Dungeon.
             The game lasted 00:13:49 (23960 turns).

qw the Marksgargoyle (Gargoyle Hunter)             Turns: 23960, Time: 00:13:50

Health: 0/112      AC: 41    Str: 24    XL:     16   Next: 51%
Magic:  23/23      EV: 21    Int: 10    God:    Okawaru [****..]
Gold:   1327       SH:  0    Dex: 19    Spells: 15/15 levels left

rFire   . . .        Y - +0 arbalest
rCold   . . .        (shield currently unavailable)
rNeg    + . .        a - +3 ring mail of Doefan {Will+ Str+4}
rPois   inf          p - +1 helmet
rElec   +            t - +2 cloak
rCorr   .            q - +2 pair of gloves {Str+3}
SInv    +            c - +2 pair of boots
Will    ++...        h - amulet of faith
Stlth   +++          l - ring of see invisible
HPRegen 0.38/turn    n - +4 ring of protection
MPRegen 0.18/turn

%: faith
@: heroic, flying
A: sickness immunity, AC +12, big wings, negative energy resistance 1,
electricity resistance, torment resistance 1, petrification resistance
a: Renounce Religion, Heroism, Finesse


You were on level 14 of the Dungeon.
You worshipped Okawaru.
Okawaru was greatly pleased with you.
You visited 3 branches of the dungeon, and saw 20 of its levels.

You collected 2317 gold pieces.
You spent 990 gold pieces at shops.


Innate Abilities, Weirdness & Mutations

You are immune to sickness and miasma.
Your stone body is resilient. (AC +12)
You are immune to poison.
Your large and strong wings let you fly.
You resist negative energy. (rN+)
You are resistant to electric shocks. (rElec)
You are resistant to unholy torment.
You are immune to petrification.


   Skills:
 + Level 17.0(22.0) Fighting
 - Level 18.0(23.0) Ranged Weapons
 - Level 11.0(16.0) Armour
 - Level 10.0(15.0) Dodging
 - Level 1.1(6.1) Stealth
 - Level 10.0 Invocations


You had 15 spell levels left.
You didn't know any spells.
Your spell library was empty.

Inventory:

Hand Weapons
 Y - a +0 arbalest (weapon)
Armour
 a - the +3 ring mail of Doefan (worn) {Will+ Str+4}
   (You found it on level 2 of the Lair of Beasts)

   Str+4:     It affects your strength (+4).
   Will+:     It increases your willpower.
 c - a +2 pair of boots (worn)
 f - a +2 leather armour of willpower
 i - a +0 ring mail of fire resistance
 j - the +1 swamp dragon scales of Aru Koteoxt {rPois Str+2 Int+3}
   (Okawaru gifted it to you on level 5 of the Lair of Beasts)

   Str+2:     It affects your strength (+2).
   Int+3:     It affects your intelligence (+3).
   rPois:     It protects you from poison
 p - a +1 helmet (worn)
 q - a +2 pair of gloves of strength (worn)
 t - a +2 cloak (worn)
Jewellery
 d - an amulet of regeneration
 h - an amulet of faith (around neck)
 k - a ring of fire
 l - a ring of see invisible (left hand)
 n - a +4 ring of protection (right hand)
 v - a +4 ring of slaying {mikee}
Wands
 r - a wand of digging (22)
Scrolls
 e - 7 scrolls of identify
Potions
 b - 2 potions of mutation
 g - 2 potions of might
 m - a potion of haste
 o - 2 potions of magic
 s - 9 potions of curing

Dungeon Overview and Level Annotations

Branches:
Dungeon (14/15)            Temple (1/1) D:4            Lair (5/5) D:11
  Swamp (0/4) Lair:2       Spider (0/4) Lair:2        Slime (0/5) Lair:4
    Orc (0/2) D:12         Vaults (0/5) D:14

Altars:
Ashenzari
Cheibriados
Dithmenos
Elyvilon
Fedhas
Gozag
Hepliaklqana
Kikubaaqudgha
Makhleb
Nemelex Xobeh
Okawaru
Qazlal
Ru
Sif Muna
Trog
Uskayaw
Vehumet
Wu Jian
Xom
Yredelemnul
Zin
The Shining One
Jiyva

Shops:
D:1 !   D:2 ?   D:3 (   D:4 **   D:6 =(:   D:10 *   D:12 (

Portals:
Trove: D:13 (give +5 demon trident)

Annotations:
D:9 2 runed translucent doors
D:12 1 runed translucent door, Plog's ghost, journeyman DgVM
Lair:4 exclusion: 3 oklob plants


Message History

The brown ugly thing closely misses you.
The boulder beetle leaps!
You shoot a bolt. The bolt hits the faun!
The faun is moderately wounded.
The boggart gestures wildly while chanting.
The boggart flickers and vanishes for a moment.
The boggart mumbles some strange words.
The boggart blinks!
The rakshasa weaves an illusion.
The faun closely misses you.
The green ugly thing basks in the mutagenic energy from its kin and changes!
The brown ugly thing barely misses you.
You shoot a bolt. The bolt closely misses the faun.
The bolt hits the brown ugly thing but does no damage.
The faun completely misses you.
The brown ugly thing kicks you but does no damage.
You shoot a bolt. The bolt hits the faun!!
The faun is almost dead.
The boggart mumbles some strange words.
The faun hits you but does no damage. The brown ugly thing misses you.
You shoot a bolt. The bolt hits the faun!!
You kill the faun!
The faun's corpse dissolves into shadows!
The centaur warrior wields a +0 shortbow.
The centaur warrior shoots an arrow.
The arrow hits you but does no damage.
The rakshasa weaves an illusion.
The brown ugly thing barely misses you.
You shoot a bolt. The bolt hits the brown ugly thing!!
The brown ugly thing is moderately wounded.
The boggart casts a spell.
The boggart blinks!
The brown ugly thing barely misses you.
The brown ugly thing basks in the mutagenic energy from its kin and changes!
The brown ugly thing kicks you.
You are splashed with acid!
You shoot a bolt. The bolt hits the brown ugly thing!!
The brown ugly thing is almost dead.
The wizard wildly gestures.
The wizard shimmers violently.
The brown ugly thing kicks you but does no damage.
The brown ugly thing kicks you!
You die...

........##...##.................#
#.##.####...####................#
#.#..#......# ###............###
.....#.....[# #...........###.
#'####.#.#..# #.....).....###.
#.#.##......# ##0J)JJ..#...#..
..../#......# ##h..J.......##.
....!######## ###cpg##..#.....##
#)#.###.()# #@uueR#..(........
#'#####.[[# ##uCDgg......#....
#....###'## #uJcc.......#....
#.##.#....# ##g#cc...........
#)...#....# ###.............
#.##.#....# ##...#.........
..##.'0.}.# #..............
#.##.#..0.# ##..##.D.......
#....#....# ####..<...#...


You could see 4 ugly things, a rakshasa (summoned), an enormous slime creature
(summoned), 4 slime creatures, a centaur warrior (summoned), a cyclops
(summoned), a deep elf pyromancer (summoned), a wizard (summoned), a raiju
shaped shifter (summoned), an acid dragon (summoned), 4 centaurs and 4 boggarts.

Vanquished Creatures
  Rupert (D:13)
  Jorgrun (D:13)
  A dire elephant (Lair:5)
  A deep elf death mage (D:14)
  4 vault guards (D:14)
  Erolcha (D:9)
  6 centaur warriors
  2 hydras
  A catoblepas (Lair:5)
  5 two-headed ogres
  5 boulder beetles
  A sphinx skeleton (D:14)
  18 death yaks
  A deep elf knight (D:14)
  4 soul eaters (D:14)
  Urug (D:10)
  2 shadow wraiths (D:14)
  Sonja (D:13)
  3 flayed ghosts (D:14)
  10 skeletal warriors
  2 skysharks (Lair:5)
  Lodul (D:10)
  A lindwurm (Lair:5)
  3 deep elf pyromancers
  2 orc knights
  4 wolf spider zombies (D:14)
  7 necromancers
  6 ugly things (D:14)
  4 cyclopes
  An oklob plant (Lair:4)
  4 manticores
  Maurice (D:10)
  15 elephants
  2 centaur zombies (D:14)
  4 spectral centaurs (D:14)
  3 slime creatures (D:13)
  7 black mambas
  11 cane toads
  3 gargoyles
  8 centaur skeletons (D:14)
  4 kobold demonologists
  5 rime drakes
  4 tormentors (D:14)
  9 komodo dragons
  An efreet (D:13)
  2 trolls
  3 polar bears
  A harpy zombie (D:14)
  Grinder (D:4)
  24 blink frogs
  21 dream sheep
  A spectral meliai (D:14)
  5 culicivoras (Lair:2)
  A meliai zombie (D:14)
  2 shadows
  4 wraiths
  3 wyverns
  3 centaur simulacra (D:14)
  2 basilisks (Lair:5)
  58 yaks
  Eustachio (D:4)
  4 vampire mosquitoes (D:11)
  Grum (D:11)
  2 steam dragons
  A swamp worm (D:12)
  24 water moccasins
  2 spectral hornets (D:14)
  2 ice beasts
  4 orc warriors
  4 black bears
  A hornet zombie (D:14)
  7 ogres (D:10)
  2 sky beasts
  A boggart (D:14)
  3 centaurs
  22 wolves
  5 kobold brigands
  6 scorpions
  17 bullfrogs
  A gnoll sergeant (D:11)
  6 wights
  8 killer bees
  11 howler monkeys
  7 hounds
  An orc priest (D:4)
  4 sleepcaps
  6 iguanas
  7 jellies
  5 orc wizards
  4 yak simulacra (D:13)
  2 polar bear simulacra (D:13)
  2 wolf simulacra (D:13)
  7 gnolls
  4 adders
  A shadow imp (D:6)
  An ufetubus (D:6)
  4 worms
  5 dart slugs
  37 orcs
  6 endoplasms
  5 giant cockroaches
  7 goblins
  3 hobgoblins
  5 jackals (D:2)
  3 quokkas
  6 ball pythons
  3 bats
  5 frilled lizards
  21 kobolds
  3 rats
  3 river rat simulacra (D:13)
  A butterfly (Lair:5)
615 creatures vanquished.

Notes
Turn   | Place    | Note
-------+----------+-------------------------------------------
     0 | D:1      | qw the Gargoyle Hunter began the quest for the Orb.
     0 | D:1      | Reached XP level 1. HP: 12/12 MP: 1/1
     0 | D:1      | 0 ||| qw: Version: 0.3-a-76-g4403597
     0 | D:1      | 0 ||| qw: Game counter: 769
     0 | D:1      | 0 ||| qw: Melee chars always use a shield: true
     0 | D:1      | 0 ||| qw: God list: Okawaru
     0 | D:1      | 0 ||| qw: Allow faded altars: false
     0 | D:1      | 0 ||| qw: Do Orc after clearing Dungeon:15 true
     0 | D:1      | 0 ||| qw: Do second Lair branch before Depths: true
     0 | D:1      | 0 ||| qw: Lair rune preference: random
     0 | D:1      | 0 ||| qw: Goals: Normal
     0 | D:1      | 0 ||| PLANNING D:1-11
    76 | D:1      | Reached XP level 2. HP: 17/17 MP: 2/2
   464 | D:1      | Found Wipych's Distillery.
   468 | D:1      | 468 ||| SHOPLISTING 2 potions of curing (78 gold, have 28).
   468 | D:1      | 468 ||| SHOPLISTING 2 potions of haste (260 gold, have 28).
   468 | D:1      | 468 ||| SHOPLISTING 2 potions of heal wounds (130 gold,
                  | have 28).
   468 | D:1      | 468 ||| SHOPLISTING potion of cancellation (104 gold, have
                  | 28).
   468 | D:1      | 468 ||| SHOPLISTING potion of enlightenment (65 gold, have
                  | 28).
   468 | D:1      | 468 ||| SHOPLISTING potion of heal wounds (65 gold, have
                  | 28).
   468 | D:1      | 468 ||| SHOPLISTING potion of resistance (130 gold, have
                  | 28).
   653 | D:1      | Found a faded altar of an unknown god.
   657 | D:1      | 657 ||| READING scroll labelled XABBUU KOYNOCO.
   658 | D:1      | 658 ||| READING scroll labelled BETERO TUGH.
   659 | D:1      | 659 ||| DROPPING scroll of butterflies.
   683 | D:2      | 683 ||| STAIRDANCE
   700 | D:2      | Reached XP level 3. HP: 17/21 MP: 3/3
   746 | D:2      | Reached skill level 5 in Ranged Weapons
   838 | D:2      | Found Sicwac's Magic Scroll Emporium.
   841 | D:2      | 841 ||| BUYING scroll of identify (28 gold).
   841 | D:2      | Bought a scroll of identify for 28 gold pieces
   841 | D:2      | 841 ||| SHOPLISTING scroll of identify (28 gold, have 23).
  1279 | D:2      | Reached skill level 3 in Fighting
  1419 | D:2      | 1419 ||| UPGRADING to +0 ring mail of fire resistance.
  1429 | D:2      | 1429 ||| DROPPING +0 leather armour.
  1430 | D:2      | 1430 ||| UPGRADING to +0 pair of gloves.
  1435 | D:2      | 1435 ||| UPGRADING to amulet of faith.
  1440 | D:2      | 1440 ||| DROPPING ring of magical power.
  1441 | D:2      | 1441 ||| READING 3 scrolls of identify.
  1441 | D:2      | 1441 ||| IDENTIFYING red potion
  1442 | D:2      | 1442 ||| READING 2 scrolls of identify.
  1442 | D:2      | 1442 ||| IDENTIFYING fizzy dark potion
  1499 | D:3      | Reached XP level 4. HP: 23/28 MP: 4/4
  1706 | D:3      | Found a shimmering altar of Xom.
  1922 | D:3      | Found a glowing golden altar of the Shining One.
  1976 | D:3      | Found Jyxytron's Weapon Boutique.
  1984 | D:3      | 1984 ||| SHOPLISTING +3 antimagic arbalest (366 gold, have
                  | 109).
  2117 | D:3      | 2117 ||| UPGRADING to +2 pair of boots.
  2122 | D:3      | 2122 ||| UPGRADING to ring of see invisible.
  2123 | D:3      | 2123 ||| READING 3 scrolls labelled RAOCETT IMOIFF.
  2124 | D:3      | 2124 ||| READING 2 scrolls of enchant weapon.
  2124 | D:3      | 2124 ||| ENCHANTING +1 shortbow.
  2125 | D:3      | 2125 ||| READING scroll of enchant weapon.
  2125 | D:3      | 2125 ||| ENCHANTING +2 shortbow.
  2126 | D:3      | 2126 ||| READING scroll labelled ATISHR OWUSK.
  2227 | D:3      | 2227 ||| READING 4 scrolls of identify.
  2227 | D:3      | 2227 ||| IDENTIFYING amethyst potion
  2228 | D:3      | 2228 ||| READING 3 scrolls of identify.
  2228 | D:3      | 2228 ||| IDENTIFYING sapphire potion
  2229 | D:3      | 2229 ||| READING 2 scrolls of identify.
  2229 | D:3      | 2229 ||| IDENTIFYING black potion
  2230 | D:3      | 2230 ||| DROPPING potion of attraction.
  2310 | D:4      | Found a staircase to the Ecumenical Temple.
  2311 | D:4      | 2311 ||| PLANNING TEMPLE
  2315 | D:4      | Reached XP level 5. HP: 32/32 MP: 5/5
  2328 | Temple   | Entered the Ecumenical Temple
  2329 | Temple   | 2329 ||| PLANNING OKAWARU WORSHIP
  2334 | Temple   | Became a worshipper of Warmaster Okawaru
  2335 | Temple   | 2335 ||| PLANNING D:1-11
  2498 | D:4      | Reached skill level 6 in Ranged Weapons
  2537 | D:4      | Found Feacof's General Store.
  2541 | D:4      | Found Vuxyal's Specific Store.
  2545 | D:4      | 2545 ||| SHOPLISTING +2 robe of positive energy (191 gold,
                  | have 121).
  2545 | D:4      | 2545 ||| BUYING scroll of identify (26 gold).
  2545 | D:4      | Bought a scroll of identify for 26 gold pieces
  2593 | D:4      | Found a blossoming altar of Fedhas.
  2631 | D:4      | Reached XP level 6. HP: 24/38 MP: 6/6
  2841 | D:4      | 2841 ||| FLEEEEING.
  2842 | D:4      | 2842 ||| FLEEEEING.
  2843 | D:4      | 2843 ||| FLEEEEING.
  2854 | D:4      | 2854 ||| DRINKING potion of curing.
  2854 | D:4      | 2854 ||| (to cure confusion)
  2973 | D:4      | Reached * piety under Okawaru
  3089 | D:4      | Noticed Eustachio
  3089 | D:4      | Noticed Grinder
  3090 | D:4      | 3090 ||| RETREATING.
  3091 | D:4      | 3091 ||| INVOKING Heroism.
  3092 | D:4      | 3092 ||| Stepping ~*~*~tactically~*~*~ (retreating).
  3097 | D:4      | Paralysed by Grinder for 5 turns
  3111 | D:4      | HP: 9/38 [iron imp[Eustachio] (7)]
  3112 | D:4      | 3112 ||| DRINKING 3 potions of heal wounds.
  3118 | D:4      | 3118 ||| Stepping ~*~*~tactically~*~*~ (retreating).
  3119 | D:4      | 3119 ||| Stepping ~*~*~tactically~*~*~ (retreating).
  3120 | D:4      | 3120 ||| Stepping ~*~*~tactically~*~*~ (retreating).
  3121 | D:4      | 3121 ||| RETREATING.
  3126 | D:4      | Killed Eustachio
  3127 | D:4      | Reached skill level 7 in Ranged Weapons
  3127 | D:4      | Reached XP level 7. HP: 26/43 MP: 7/7
  3127 | D:4      | 3127 ||| INVOKING Heroism.
  3127 | D:4      | Paralysed by Grinder for 5 turns
  3137 | D:4      | Killed Grinder
  3314 | D:4      | 3314 ||| READING scroll labelled MUOL CIUZXO.
  3315 | D:4      | 3315 ||| READING scroll labelled WOTAMAE JACS.
  3320 | D:4      | 3320 ||| READING scroll labelled OKKUAP RAVO.
  3321 | D:4      | 3321 ||| READING 3 scrolls of identify.
  3321 | D:4      | 3321 ||| IDENTIFYING pink potion
  3322 | D:4      | 3322 ||| READING 2 scrolls of identify.
  3322 | D:4      | 3322 ||| IDENTIFYING orange potion
  3338 | D:5      | Entered Level 5 of the Dungeon
  3564 | D:5      | 3564 ||| Stepping ~*~*~tactically~*~*~ (retreating).
  3568 | D:5      | 3568 ||| INVOKING Heroism.
  3570 | D:5      | Reached skill level 8 in Ranged Weapons
  3572 | D:5      | Reached ** piety under Okawaru
  3573 | D:5      | Reached skill level 3 in Invocations
  3573 | D:5      | Reached XP level 8. HP: 48/48 MP: 6/10
  3911 | D:5      | 3911 ||| INVOKING Heroism.
  4104 | D:5      | 4104 ||| READING 2 scrolls of identify.
  4104 | D:5      | 4104 ||| IDENTIFYING bubbling amethyst potion
  4105 | D:5      | 4105 ||| DROPPING potion of brilliance.
  4139 | D:6      | Found Feusah's Book Boutique.
  4139 | D:6      | Found Gyusoojaps's Weapon Boutique.
  4139 | D:6      | Found Mor Bezxo's Jewellery Boutique.
  4208 | D:6      | 4208 ||| STAIRDANCE
  4279 | D:6      | 4279 ||| INVOKING Heroism.
  4328 | D:6      | 4328 ||| INVOKING Heroism.
  4332 | D:6      | Reached skill level 9 in Ranged Weapons
  4509 | D:6      | 4509 ||| INVOKING Heroism.
  4554 | D:6      | Reached skill level 6 in Fighting
  4691 | D:6      | Reached XP level 9. HP: 55/56 MP: 12/12
  5072 | D:6      | 5072 ||| INVOKING Heroism.
  5142 | D:6      | 5142 ||| Stepping ~*~*~tactically~*~*~ (outnumbered).
  5144 | D:6      | 5144 ||| Stepping ~*~*~tactically~*~*~ (outnumbered).
  5146 | D:6      | 5146 ||| Stepping ~*~*~tactically~*~*~ (outnumbered).
  5157 | D:6      | 5157 ||| Stepping ~*~*~tactically~*~*~ (outnumbered).
  5166 | D:6      | Reached skill level 10 in Ranged Weapons
  5203 | D:6      | 5203 ||| READING scroll labelled MAUDOAD SEOCS.
  5204 | D:6      | 5204 ||| READING 3 scrolls of identify.
  5204 | D:6      | 5204 ||| IDENTIFYING smoky red potion
  5205 | D:6      | 5205 ||| DROPPING potion of ambrosia.
  5351 | D:7      | 5351 ||| Stepping ~*~*~tactically~*~*~ (outnumbered).
  5353 | D:7      | 5353 ||| Stepping ~*~*~tactically~*~*~ (outnumbered).
  5363 | D:7      | 5363 ||| Stepping ~*~*~tactically~*~*~ (outnumbered).
  5395 | D:7      | 5395 ||| INVOKING Heroism.
  5401 | D:7      | Reached skill level 3 in Armour
  5489 | D:7      | 5489 ||| INVOKING Heroism.
  5544 | D:7      | 5544 ||| READING scroll of enchant weapon.
  5544 | D:7      | 5544 ||| ENCHANTING +3 shortbow.
  5605 | D:7      | 5605 ||| INVOKING Heroism.
  5616 | D:7      | Reached *** piety under Okawaru
  5769 | D:7      | 5769 ||| UPGRADING to +1 helmet.
  5774 | D:7      | 5774 ||| READING scroll labelled SIQARENEMN.
  5775 | D:7      | 5775 ||| READING 2 scrolls of identify.
  5775 | D:7      | 5775 ||| IDENTIFYING fuming yellow potion
  5776 | D:7      | 5776 ||| DROPPING potion of degeneration.
  5785 | D:6      | 5785 ||| BUYING +6 ring of strength (396 gold).
  5785 | D:6      | Bought a +6 ring of strength for 396 gold pieces
  5785 | D:6      | 5785 ||| SHOPLISTING amulet of Ixzakivi {Spirit rCorr MP+9
                  | Dex+3} (745 gold, have 11).
  5785 | D:6      | 5785 ||| SHOPLISTING amulet of Nuthrad {rPois rN++ Regen+
                  | Dex+4} (661 gold, have 11).
  5785 | D:6      | 5785 ||| SHOPLISTING amulet of reflection (330 gold, have
                  | 11).
  5785 | D:6      | 5785 ||| SHOPLISTING amulet of regeneration (330 gold, have
                  | 11).
  5785 | D:6      | 5785 ||| SHOPLISTING amulet of the acrobat (330 gold, have
                  | 11).
  5785 | D:6      | 5785 ||| UPGRADING to +6 ring of strength.
  5885 | D:7      | 5885 ||| INVOKING Heroism.
  6037 | D:7      | 6037 ||| UPGRADING to +0 cloak.
  6104 | D:8      | Reached skill level 3 in Dodging
  6128 | D:8      | 6128 ||| RETREATING.
  6131 | D:8      | 6131 ||| Stepping ~*~*~tactically~*~*~ (retreating).
  6132 | D:8      | 6132 ||| Stepping ~*~*~tactically~*~*~ (retreating).
  6133 | D:8      | 6133 ||| Stepping ~*~*~tactically~*~*~ (retreating).
  6141 | D:8      | 6141 ||| INVOKING Heroism.
  6145 | D:8      | HP: 11/57 [yak (9)]
  6146 | D:8      | 6146 ||| READING 3 scrolls of teleportation.
  6147 | D:8      | 6147 ||| DRINKING 3 potions of heal wounds.
  6284 | D:8      | Reached skill level 11 in Ranged Weapons
  6335 | D:8      | 6335 ||| SWAPPING to +0 orcbow.
  6336 | D:8      | 6336 ||| DROPPING +4 shortbow.
  6453 | D:8      | 6453 ||| Stepping ~*~*~tactically~*~*~ (retreating).
  6454 | D:8      | 6454 ||| Stepping ~*~*~tactically~*~*~ (retreating).
  6455 | D:8      | 6455 ||| Stepping ~*~*~tactically~*~*~ (retreating).
  6456 | D:8      | 6456 ||| Stepping ~*~*~tactically~*~*~ (retreating).
  6458 | D:8      | Reached XP level 10. HP: 64/64 MP: 13/13
  6474 | D:8      | 6474 ||| INVOKING Heroism.
  6496 | D:8      | 6496 ||| INVOKING Heroism.
  6587 | D:8      | Reached **** piety under Okawaru
  6894 | D:8      | 6894 ||| READING scroll labelled NURGHU FIUMP.
  6970 | D:9      | Found a white marble altar of Elyvilon.
  6986 | D:9      | 6986 ||| INVOKING Heroism.
  7020 | D:9      | 7020 ||| INVOKING Heroism.
  7039 | D:9      | Found a shimmering blue altar of Sif Muna.
  7045 | D:9      | 7045 ||| RETREATING.
  7078 | D:9      | Reached skill level 12 in Ranged Weapons
  7087 | D:9      | 7087 ||| INVOKING Heroism.
  7094 | D:9      | 7094 ||| Stepping ~*~*~tactically~*~*~ (retreating).
  7105 | D:9      | 7105 ||| INVOKING Heroism.
  7111 | D:9      | Noticed Erolcha
  7122 | D:9      | 7122 ||| INVOKING Heroism.
  7127 | D:9      | Killed Erolcha
  7319 | D:9      | Found a runed translucent door.
  7321 | D:9      | Found a runed translucent door.
  7330 | D:9      | 7330 ||| RETREATING.
  7526 | D:9      | Reached ***** piety under Okawaru
  7527 | D:9      | Reached skill level 6 in Invocations
  7659 | D:9      | 7659 ||| INVOKING Heroism.
  7879 | D:10     | Entered Level 10 of the Dungeon
  7901 | D:10     | Noticed a kobold demonologist
  7902 | D:10     | 7902 ||| RETREATING.
  7922 | D:10     | Killed a kobold demonologist
  7923 | D:10     | Reached XP level 11. HP: 65/69 MP: 15/15
  8121 | D:10     | Noticed a two-headed ogre
  8122 | D:10     | 8122 ||| INVOKING Heroism.
  8131 | D:10     | Killed a two-headed ogre
  8144 | D:10     | 8144 ||| RETREATING.
  8150 | D:10     | 8150 ||| RETREATING.
  8155 | D:10     | Reached skill level 13 in Ranged Weapons
  8159 | D:10     | 8159 ||| Stepping ~*~*~tactically~*~*~ (retreating).
  8161 | D:10     | 8161 ||| Stepping ~*~*~tactically~*~*~ (retreating).
  8179 | D:10     | 8179 ||| INVOKING Heroism.
  8399 | D:10     | 8399 ||| INVOKING Heroism.
  8512 | D:10     | 8512 ||| SWAPPING to +0 arbalest.
  8513 | D:10     | 8513 ||| DROPPING +0 orcbow.
  8517 | D:10     | 8517 ||| READING scroll labelled LIAHEU MIJILA.
  8603 | D:10     | 8603 ||| Stepping ~*~*~tactically~*~*~ (water).
  8653 | D:10     | Noticed Urug
  8654 | D:10     | 8654 ||| INVOKING Heroism.
  8655 | D:10     | 8655 ||| INVOKING Finesse.
  8660 | D:10     | Killed Urug
  8661 | D:10     | Reached skill level 9 in Fighting
  8823 | D:10     | Noticed Maurice
  8824 | D:10     | 8824 ||| RETREATING.
  8825 | D:10     | Noticed Lodul
  8826 | D:10     | 8826 ||| RETREATING.
  8830 | D:10     | Identified the +1 leather armour of the Vestibule of Hell
                  | {Rampage Fly}
  8834 | D:10     | 8834 ||| INVOKING Heroism.
  8841 | D:10     | Killed Maurice
  8843 | D:10     | Killed Lodul
  8855 | D:10     | HP: 3/71 [ogre/+0 giant club[Lodul] (22)]
  8856 | D:10     | 8856 ||| READING 2 scrolls of teleportation.
  8857 | D:10     | 8857 ||| DRINKING 2 potions of heal wounds.
  8858 | D:10     | 8858 ||| INVOKING Heroism.
  9096 | D:10     | Found Poulvajos's Practical Paraphernalia.
  9096 | D:10     | Noticed a two-headed ogre
  9097 | D:10     | 9097 ||| INVOKING Heroism.
  9105 | D:10     | Killed a two-headed ogre
  9106 | D:10     | Reached skill level 9 in Invocations
  9191 | D:10     | 9191 ||| UPGRADING to +2 cloak.
  9201 | D:10     | 9201 ||| DROPPING +0 cloak.
  9202 | D:10     | 9202 ||| UPGRADING to +1 leather armour of the Vestibule of
                  | Hell {Rampage Fly}.
  9212 | D:10     | 9212 ||| DROPPING amulet of magic regeneration.
  9221 | D:9      | Found a bloodstained altar of Trog.
  9239 | D:10     | 9239 ||| BUYING +4 ring of protection (540 gold).
  9239 | D:10     | Bought a +4 ring of protection for 540 gold pieces
  9239 | D:10     | 9239 ||| SHOPLISTING potion of mutation (120 gold, have
                  | 32).
  9239 | D:10     | 9239 ||| SHOPLISTING ring of protection from cold (375
                  | gold, have 32).
  9239 | D:10     | 9239 ||| SHOPLISTING ring of protection from fire (375
                  | gold, have 32).
  9338 | D:10     | 9338 ||| UPGRADING to +4 ring of protection.
  9480 | D:11     | Noticed a two-headed ogre
  9481 | D:11     | 9481 ||| INVOKING Heroism.
  9484 | D:11     | Killed a two-headed ogre
  9484 | D:11     | Received a gift from Okawaru
  9569 | D:11     | 9569 ||| INVOKING Heroism.
  9585 | D:11     | 9585 ||| Stepping ~*~*~tactically~*~*~ (retreating).
  9586 | D:11     | 9586 ||| Stepping ~*~*~tactically~*~*~ (retreating).
  9587 | D:11     | 9587 ||| Stepping ~*~*~tactically~*~*~ (retreating).
  9588 | D:11     | 9588 ||| Stepping ~*~*~tactically~*~*~ (retreating).
  9589 | D:11     | 9589 ||| Stepping ~*~*~tactically~*~*~ (retreating).
  9590 | D:11     | 9590 ||| Stepping ~*~*~tactically~*~*~ (retreating).
  9591 | D:11     | 9591 ||| Stepping ~*~*~tactically~*~*~ (retreating).
  9598 | D:11     | 9598 ||| INVOKING Heroism.
  9620 | D:11     | Reached XP level 12. HP: 53/76 MP: 19/19
  9797 | D:11     | Noticed Grum
  9802 | D:11     | 9802 ||| INVOKING Heroism.
  9803 | D:11     | 9803 ||| INVOKING Finesse.
  9809 | D:11     | Killed Grum
  9870 | D:11     | 9870 ||| RETREATING.
  9890 | D:11     | 9890 ||| Stepping ~*~*~tactically~*~*~ (retreating).
  9895 | D:11     | Reached skill level 14 in Ranged Weapons
  9954 | D:11     | 9954 ||| RETREATING.
  9957 | D:11     | 9957 ||| Stepping ~*~*~tactically~*~*~ (retreating).
  9958 | D:11     | 9958 ||| Stepping ~*~*~tactically~*~*~ (retreating).
  9961 | D:11     | 9961 ||| Stepping ~*~*~tactically~*~*~ (retreating).
 10036 | D:11     | 10036 ||| RETREATING.
 10084 | D:11     | Found a staircase to the Lair.
 10254 | D:11     | 10254 ||| RETREATING.
 10259 | D:11     | 10259 ||| RETREATING.
 10363 | D:11     | 10363 ||| PLANNING LAIR
 10363 | D:11     | 10363 ||| DROPPING +1 cloak.
 10364 | D:11     | 10364 ||| READING 4 scrolls of identify.
 10364 | D:11     | 10364 ||| IDENTIFYING inky potion
 10365 | D:11     | 10365 ||| DROPPING potion of lignification.
 10396 | Lair:1   | Entered Level 1 of the Lair of Beasts
 10437 | Lair:1   | 10437 ||| RETREATING.
 10453 | Lair:1   | 10453 ||| INVOKING Heroism.
 10606 | Lair:1   | 10606 ||| INVOKING Heroism.
 10755 | Lair:1   | 10755 ||| INVOKING Heroism.
 10874 | Lair:1   | Identified the +5 scale mail of the World {rCorr Stlth+}
 11065 | Lair:1   | Reached skill level 15 in Ranged Weapons
 11201 | Lair:1   | Noticed a death yak
 11201 | Lair:1   | Noticed a death yak
 11202 | Lair:1   | 11202 ||| RETREATING.
 11217 | Lair:1   | 11217 ||| INVOKING Heroism.
 11217 | Lair:1   | Noticed a death yak
 11218 | Lair:1   | 11218 ||| INVOKING Finesse.
 11227 | Lair:1   | Killed a death yak
 11235 | Lair:1   | Killed a death yak
 11242 | Lair:1   | Killed a death yak
 11536 | Lair:1   | 11536 ||| UPGRADING to +1 pair of gloves of strength.
 11546 | Lair:1   | 11546 ||| DROPPING +0 pair of gloves.
 11547 | Lair:1   | 11547 ||| DRINKING 2 lumpy brown potions.
 11548 | Lair:1   | 11548 ||| DROPPING potion of invisibility.
 11578 | Lair:2   | 11578 ||| STAIRDANCE
 11586 | Lair:1   | Received a gift from Okawaru
 11611 | Lair:2   | 11611 ||| STAIRDANCE
 11613 | Lair:1   | 11613 ||| Stepping ~*~*~tactically~*~*~ (retreating).
 11614 | Lair:1   | 11614 ||| Stepping ~*~*~tactically~*~*~ (retreating).
 11615 | Lair:1   | 11615 ||| Stepping ~*~*~tactically~*~*~ (retreating).
 11616 | Lair:1   | 11616 ||| Stepping ~*~*~tactically~*~*~ (retreating).
 11617 | Lair:1   | 11617 ||| Stepping ~*~*~tactically~*~*~ (retreating).
 11622 | Lair:1   | 11622 ||| INVOKING Heroism.
 11714 | Lair:2   | 11714 ||| INVOKING Heroism.
 11879 | Lair:2   | 11879 ||| INVOKING Heroism.
 11969 | Lair:2   | Reached XP level 13. HP: 64/82 MP: 20/20
 11969 | Lair:2   | 11969 ||| FLEEEEING.
 11970 | Lair:2   | 11970 ||| FLEEEEING.
 11971 | Lair:2   | 11971 ||| FLEEEEING.
 11972 | Lair:2   | 11972 ||| FLEEEEING.
 11973 | Lair:2   | 11973 ||| FLEEEEING.
 11974 | Lair:2   | 11974 ||| FLEEEEING.
 11975 | Lair:2   | 11975 ||| FLEEEEING.
 12068 | Lair:2   | 12068 ||| INVOKING Heroism.
 12071 | Lair:2   | 12071 ||| RETREATING.
 12074 | Lair:2   | Reached skill level 16 in Ranged Weapons
 12078 | Lair:2   | 12078 ||| Stepping ~*~*~tactically~*~*~ (retreating).
 12079 | Lair:2   | 12079 ||| Stepping ~*~*~tactically~*~*~ (retreating).
 12086 | Lair:2   | 12086 ||| INVOKING Heroism.
 12114 | Lair:2   | 12114 ||| INVOKING Heroism.
 12211 | Lair:2   | 12211 ||| RETREATING.
 12222 | Lair:2   | 12222 ||| INVOKING Heroism.
 12223 | Lair:2   | 12223 ||| Stepping ~*~*~tactically~*~*~ (retreating).
 12365 | Lair:2   | Identified the +1 buckler "Qufoer" {rElec rPois Str-5}
                  | (Okawaru gifted it to you on level 2 of the Lair of Beasts)
 12365 | Lair:2   | Received a gift from Okawaru
 12672 | Lair:2   | Found a staircase to the Swamp.
 12673 | Lair:2   | 12673 ||| INVOKING Heroism.
 12795 | Lair:2   | 12795 ||| RETREATING.
 12805 | Lair:2   | 12805 ||| INVOKING Heroism.
 12831 | Lair:2   | HP: 19/84 [culicivora (9)]
 12832 | Lair:2   | 12832 ||| READING 2 scrolls of teleportation.
 12833 | Lair:2   | 12833 ||| DRINKING potion of heal wounds.
 13215 | Lair:2   | Identified the +3 ring mail of Doefan {Will+ Str+4}
 13311 | Lair:2   | Found a hole to the Spider Nest.
 13476 | Lair:2   | 13476 ||| UPGRADING to +3 ring mail of Doefan {Will+
                  | Str+4}.
 13486 | Lair:2   | 13486 ||| DROPPING +0 steam dragon scales.
 13487 | Lair:2   | 13487 ||| READING scroll labelled RONLOCROKEIT.
 13532 | Lair:3   | 13532 ||| INVOKING Heroism.
 13533 | Lair:3   | 13533 ||| INVOKING Finesse.
 13596 | Lair:3   | Reached skill level 6 in Armour
 13761 | Lair:3   | 13761 ||| INVOKING Heroism.
 13848 | Lair:3   | 13848 ||| INVOKING Heroism.
 13937 | Lair:3   | 13937 ||| INVOKING Heroism.
 14143 | Lair:3   | 14143 ||| INVOKING Heroism.
 14146 | Lair:3   | 14146 ||| RETREATING.
 14156 | Lair:3   | 14156 ||| Stepping ~*~*~tactically~*~*~ (retreating).
 14157 | Lair:3   | 14157 ||| Stepping ~*~*~tactically~*~*~ (retreating).
 14158 | Lair:3   | 14158 ||| Stepping ~*~*~tactically~*~*~ (retreating).
 14162 | Lair:3   | Reached skill level 17 in Ranged Weapons
 14163 | Lair:3   | 14163 ||| INVOKING Finesse.
 14175 | Lair:3   | 14175 ||| INVOKING Heroism.
 14316 | Lair:3   | 14316 ||| INVOKING Heroism.
 14484 | Lair:3   | 14484 ||| READING scroll labelled TUIWEH VIREPY.
 14498 | Lair:4   | Found a staircase to the Slime Pits.
 14498 | Lair:4   | Found a viscous altar of Jiyva.
 14499 | Lair:4   | 14499 ||| INVOKING Heroism.
 14503 | Lair:4   | 14503 ||| STAIRDANCE
 14690 | Lair:4   | 14690 ||| Stepping ~*~*~tactically~*~*~ (retreating).
 14691 | Lair:4   | 14691 ||| Stepping ~*~*~tactically~*~*~ (retreating).
 14692 | Lair:4   | 14692 ||| Stepping ~*~*~tactically~*~*~ (retreating).
 14693 | Lair:4   | 14693 ||| Stepping ~*~*~tactically~*~*~ (retreating).
 14694 | Lair:4   | 14694 ||| Stepping ~*~*~tactically~*~*~ (retreating).
 14695 | Lair:4   | 14695 ||| Stepping ~*~*~tactically~*~*~ (retreating).
 14696 | Lair:4   | 14696 ||| Stepping ~*~*~tactically~*~*~ (retreating).
 14697 | Lair:4   | 14697 ||| Stepping ~*~*~tactically~*~*~ (retreating).
 14698 | Lair:4   | 14698 ||| Stepping ~*~*~tactically~*~*~ (retreating).
 14699 | Lair:4   | 14699 ||| Stepping ~*~*~tactically~*~*~ (retreating).
 14700 | Lair:4   | 14700 ||| Stepping ~*~*~tactically~*~*~ (retreating).
 14701 | Lair:4   | 14701 ||| Stepping ~*~*~tactically~*~*~ (retreating).
 14705 | Lair:4   | 14705 ||| Stepping ~*~*~tactically~*~*~ (retreating).
 14706 | Lair:4   | 14706 ||| RETREATING.
 14707 | Lair:4   | 14707 ||| Stepping ~*~*~tactically~*~*~ (retreating).
 14708 | Lair:4   | 14708 ||| INVOKING Heroism.
 14716 | Lair:4   | HP: 21/84 [eight-headed hydra (8)]
 14717 | Lair:4   | 14717 ||| READING scroll of teleportation.
 14720 | Lair:4   | HP: 4/84 [eight-headed hydra (8)]
 14745 | Lair:4   | HP: 6/84 [eight-headed hydra (7)]
 14755 | Lair:4   | 14755 ||| INVOKING Heroism.
 14759 | Lair:4   | HP: 7/84 [water moccasin (1)]
 14794 | Lair:4   | 14794 ||| INVOKING Heroism.
 14802 | Lair:4   | HP: 9/84 [cane toad (13)]
 14836 | Lair:4   | 14836 ||| INVOKING Heroism.
 15129 | Lair:4   | 15129 ||| RETREATING.
 15131 | Lair:4   | 15131 ||| Stepping ~*~*~tactically~*~*~ (retreating).
 15132 | Lair:4   | 15132 ||| Stepping ~*~*~tactically~*~*~ (retreating).
 15138 | Lair:4   | 15138 ||| INVOKING Heroism.
 15144 | Lair:4   | 15144 ||| Stepping ~*~*~tactically~*~*~ (retreating).
 15145 | Lair:4   | 15145 ||| Stepping ~*~*~tactically~*~*~ (retreating).
 15147 | Lair:4   | 15147 ||| Stepping ~*~*~tactically~*~*~ (retreating).
 15149 | Lair:4   | 15149 ||| Stepping ~*~*~tactically~*~*~ (retreating).
 15150 | Lair:4   | 15150 ||| Stepping ~*~*~tactically~*~*~ (retreating).
 15168 | Lair:4   | Gained mutation: Your large and strong wings let you fly.
                  | [Gargoyle growth]
 15168 | Lair:4   | Reached XP level 14. HP: 68/90 MP: 21/21
 15176 | Lair:4   | Reached skill level 18 in Ranged Weapons
 15184 | Lair:4   | 15184 ||| INVOKING Heroism.
 15385 | Lair:4   | 15385 ||| RETREATING.
 16041 | Lair:4   | 16041 ||| DROPPING +1 leather armour of the Vestibule of
                  | Hell {Rampage Fly}.
 16057 | Lair:5   | Entered Level 5 of the Lair of Beasts
 16068 | Lair:5   | 16068 ||| RETREATING.
 16075 | Lair:5   | Reached skill level 12 in Fighting
 16082 | Lair:5   | 16082 ||| RETREATING.
 16093 | Lair:5   | 16093 ||| Stepping ~*~*~tactically~*~*~ (retreating).
 16094 | Lair:5   | 16094 ||| Stepping ~*~*~tactically~*~*~ (retreating).
 16133 | Lair:5   | 16133 ||| RETREATING.
 16139 | Lair:5   | 16139 ||| Stepping ~*~*~tactically~*~*~ (retreating).
 16140 | Lair:5   | 16140 ||| Stepping ~*~*~tactically~*~*~ (retreating).
 16141 | Lair:5   | 16141 ||| Stepping ~*~*~tactically~*~*~ (retreating).
 16142 | Lair:5   | 16142 ||| Stepping ~*~*~tactically~*~*~ (retreating).
 16143 | Lair:5   | 16143 ||| Stepping ~*~*~tactically~*~*~ (retreating).
 16144 | Lair:5   | 16144 ||| Stepping ~*~*~tactically~*~*~ (retreating).
 16146 | Lair:5   | 16146 ||| Stepping ~*~*~tactically~*~*~ (retreating).
 16147 | Lair:5   | 16147 ||| Stepping ~*~*~tactically~*~*~ (retreating).
 16148 | Lair:5   | 16148 ||| Stepping ~*~*~tactically~*~*~ (retreating).
 16149 | Lair:5   | 16149 ||| INVOKING Heroism.
 16157 | Lair:5   | 16157 ||| Stepping ~*~*~tactically~*~*~ (retreating).
 16158 | Lair:5   | 16158 ||| Stepping ~*~*~tactically~*~*~ (retreating).
 16161 | Lair:5   | 16161 ||| Stepping ~*~*~tactically~*~*~ (retreating).
 16162 | Lair:5   | 16162 ||| Stepping ~*~*~tactically~*~*~ (retreating).
 16163 | Lair:5   | 16163 ||| Stepping ~*~*~tactically~*~*~ (retreating).
 16164 | Lair:5   | 16164 ||| Stepping ~*~*~tactically~*~*~ (retreating).
 16301 | Lair:5   | Reached skill level 6 in Dodging
 16367 | Lair:5   | 16367 ||| INVOKING Heroism.
 16368 | Lair:5   | 16368 ||| INVOKING Finesse.
 16469 | Lair:5   | 16469 ||| INVOKING Heroism.
 16470 | Lair:5   | 16470 ||| RETREATING.
 16471 | Lair:5   | 16471 ||| INVOKING Finesse.
 16484 | Lair:5   | Received a gift from Okawaru
 16506 | Lair:5   | 16506 ||| INVOKING Heroism.
 16534 | Lair:5   | 16534 ||| FLEEEEING.
 16535 | Lair:5   | 16535 ||| FLEEEEING.
 16536 | Lair:5   | 16536 ||| FLEEEEING.
 16538 | Lair:5   | 16538 ||| FLEEEEING.
 16539 | Lair:5   | 16539 ||| INVOKING Heroism.
 16544 | Lair:5   | 16544 ||| Stepping ~*~*~tactically~*~*~ (retreating).
 16545 | Lair:5   | 16545 ||| Stepping ~*~*~tactically~*~*~ (retreating).
 16546 | Lair:5   | 16546 ||| Stepping ~*~*~tactically~*~*~ (retreating).
 16575 | Lair:5   | 16575 ||| INVOKING Finesse.
 16589 | Lair:5   | 16589 ||| INVOKING Heroism.
 16706 | Lair:5   | 16706 ||| RETREATING.
 16712 | Lair:5   | 16712 ||| Stepping ~*~*~tactically~*~*~ (retreating).
 16713 | Lair:5   | 16713 ||| Stepping ~*~*~tactically~*~*~ (retreating).
 16760 | Lair:5   | 16760 ||| INVOKING Heroism.
 16761 | Lair:5   | 16761 ||| RETREATING.
 16762 | Lair:5   | 16762 ||| INVOKING Finesse.
 16840 | Lair:5   | 16840 ||| RETREATING.
 16844 | Lair:5   | 16844 ||| INVOKING Heroism.
 16850 | Lair:5   | 16850 ||| Stepping ~*~*~tactically~*~*~ (retreating).
 16851 | Lair:5   | 16851 ||| Stepping ~*~*~tactically~*~*~ (retreating).
 16852 | Lair:5   | 16852 ||| Stepping ~*~*~tactically~*~*~ (retreating).
 16853 | Lair:5   | 16853 ||| Stepping ~*~*~tactically~*~*~ (retreating).
 16854 | Lair:5   | 16854 ||| Stepping ~*~*~tactically~*~*~ (retreating).
 16855 | Lair:5   | 16855 ||| Stepping ~*~*~tactically~*~*~ (retreating).
 16860 | Lair:5   | 16860 ||| INVOKING Finesse.
 16861 | Lair:5   | 16861 ||| Stepping ~*~*~tactically~*~*~ (retreating).
 16862 | Lair:5   | 16862 ||| Stepping ~*~*~tactically~*~*~ (retreating).
 16872 | Lair:5   | Received a gift from Okawaru
 16873 | Lair:5   | Reached skill level 9 in Armour
 16965 | Lair:5   | 16965 ||| Stepping ~*~*~tactically~*~*~ (retreating).
 16966 | Lair:5   | 16966 ||| Stepping ~*~*~tactically~*~*~ (retreating).
 16967 | Lair:5   | 16967 ||| Stepping ~*~*~tactically~*~*~ (retreating).
 16968 | Lair:5   | 16968 ||| Stepping ~*~*~tactically~*~*~ (retreating).
 16971 | Lair:5   | 16971 ||| Stepping ~*~*~tactically~*~*~ (retreating).
 17053 | Lair:5   | Identified the +6 hand axe "Qeixteur" {antimagic, Int+3
                  | Dex+3}
 17112 | Lair:5   | 17112 ||| Stepping ~*~*~tactically~*~*~ (retreating).
 17113 | Lair:5   | 17113 ||| Stepping ~*~*~tactically~*~*~ (retreating).
 17114 | Lair:5   | 17114 ||| Stepping ~*~*~tactically~*~*~ (retreating).
 17116 | Lair:5   | 17116 ||| Stepping ~*~*~tactically~*~*~ (retreating).
 17119 | Lair:5   | 17119 ||| RETREATING.
 17122 | Lair:5   | 17122 ||| Stepping ~*~*~tactically~*~*~ (retreating).
 17123 | Lair:5   | 17123 ||| Stepping ~*~*~tactically~*~*~ (retreating).
 17124 | Lair:5   | 17124 ||| Stepping ~*~*~tactically~*~*~ (retreating).
 17125 | Lair:5   | 17125 ||| Stepping ~*~*~tactically~*~*~ (retreating).
 17126 | Lair:5   | 17126 ||| Stepping ~*~*~tactically~*~*~ (retreating).
 17127 | Lair:5   | 17127 ||| Stepping ~*~*~tactically~*~*~ (retreating).
 17128 | Lair:5   | 17128 ||| Stepping ~*~*~tactically~*~*~ (retreating).
 17152 | Lair:5   | 17152 ||| Stepping ~*~*~tactically~*~*~ (retreating).
 17154 | Lair:5   | 17154 ||| Stepping ~*~*~tactically~*~*~ (retreating).
 17156 | Lair:5   | 17156 ||| Stepping ~*~*~tactically~*~*~ (retreating).
 17157 | Lair:5   | 17157 ||| Stepping ~*~*~tactically~*~*~ (retreating).
 17162 | Lair:5   | 17162 ||| Stepping ~*~*~tactically~*~*~ (retreating).
 17163 | Lair:5   | 17163 ||| Stepping ~*~*~tactically~*~*~ (retreating).
 17165 | Lair:5   | 17165 ||| Stepping ~*~*~tactically~*~*~ (retreating).
 17166 | Lair:5   | 17166 ||| Stepping ~*~*~tactically~*~*~ (retreating).
 17226 | Lair:5   | 17226 ||| RETREATING.
 17276 | Lair:5   | Identified the +1 swamp dragon scales of Aru Koteoxt {rPois
                  | Str+2 Int+3} (Okawaru gifted it to you on level 5 of the
                  | Lair of Beasts)
 17276 | Lair:5   | Received a gift from Okawaru
 17303 | Lair:5   | 17303 ||| RETREATING.
 17311 | Lair:5   | 17311 ||| INVOKING Heroism.
 17312 | Lair:5   | 17312 ||| INVOKING Finesse.
 17343 | Lair:5   | Noticed a dire elephant
 17364 | Lair:5   | Killed a dire elephant
 17365 | Lair:5   | Reached XP level 15. HP: 69/100 MP: 19/22
 17684 | Lair:5   | 17684 ||| INVOKING Heroism.
 17865 | Lair:5   | 17865 ||| INVOKING Heroism.
 17876 | Lair:5   | 17876 ||| FLEEEEING.
 17881 | Lair:5   | 17881 ||| FLEEEEING.
 17882 | Lair:5   | 17882 ||| FLEEEEING.
 17883 | Lair:5   | 17883 ||| FLEEEEING.
 17884 | Lair:5   | 17884 ||| FLEEEEING.
 17885 | Lair:5   | 17885 ||| FLEEEEING.
 17888 | Lair:5   | 17888 ||| FLEEEEING.
 17889 | Lair:5   | 17889 ||| FLEEEEING.
 17893 | Lair:5   | 17893 ||| FLEEEEING.
 17894 | Lair:5   | 17894 ||| FLEEEEING.
 17895 | Lair:5   | 17895 ||| FLEEEEING.
 17896 | Lair:5   | 17896 ||| FLEEEEING.
 17897 | Lair:5   | 17897 ||| FLEEEEING.
 17903 | Lair:5   | 17903 ||| FLEEEEING.
 17904 | Lair:5   | 17904 ||| FLEEEEING.
 17905 | Lair:5   | 17905 ||| FLEEEEING.
 17906 | Lair:5   | 17906 ||| FLEEEEING.
 17908 | Lair:5   | 17908 ||| FLEEEEING.
 17909 | Lair:5   | 17909 ||| FLEEEEING.
 17913 | Lair:5   | 17913 ||| FLEEEEING.
 17914 | Lair:5   | 17914 ||| FLEEEEING.
 17915 | Lair:5   | 17915 ||| FLEEEEING.
 17916 | Lair:5   | 17916 ||| FLEEEEING.
 17917 | Lair:5   | 17917 ||| FLEEEEING.
 17918 | Lair:5   | 17918 ||| FLEEEEING.
 17919 | Lair:5   | 17919 ||| FLEEEEING.
 17920 | Lair:5   | 17920 ||| FLEEEEING.
 17921 | Lair:5   | 17921 ||| FLEEEEING.
 18218 | Lair:5   | 18218 ||| PLANNING D
 18218 | Lair:5   | 18218 ||| DROPPING +2 robe of positive energy.
 18219 | Lair:5   | 18219 ||| DROPPING amulet of guardian spirit.
 18220 | Lair:5   | 18220 ||| READING 7 scrolls of identify.
 18220 | Lair:5   | 18220 ||| IDENTIFYING fizzy clear potion
 18221 | Lair:5   | 18221 ||| DROPPING potion of berserk rage.
 18601 | D:12     | 18601 ||| FLEEEEING.
 18602 | D:12     | 18602 ||| FLEEEEING.
 18603 | D:12     | 18603 ||| FLEEEEING.
 18604 | D:12     | 18604 ||| FLEEEEING.
 18605 | D:12     | 18605 ||| FLEEEEING.
 18606 | D:12     | 18606 ||| STAIRDANCE
 18710 | D:12     | 18710 ||| STAIRDANCE
 18786 | D:12     | 18786 ||| STAIRDANCE
 18788 | D:11     | 18788 ||| INVOKING Heroism.
 18977 | D:12     | Found a staircase to the Orcish Mines.
 18977 | D:12     | Found Jeicw's Weapon Shoppe.
 18986 | D:12     | Found a runed translucent door.
 19265 | D:12     | Noticed a sphinx
 19266 | D:12     | Noticed Plog's ghost (journeyman DgVM)
 19381 | D:12     | 19381 ||| DROPPING amulet of the acrobat.
 19410 | D:13     | Noticed Jorgrun
 19411 | D:13     | 19411 ||| INVOKING Heroism.
 19420 | D:13     | Killed Jorgrun
 19625 | D:13     | Noticed Rupert
 19626 | D:13     | 19626 ||| INVOKING Heroism.
 19644 | D:13     | Killed Rupert
 19809 | D:13     | 19809 ||| Stepping ~*~*~tactically~*~*~ (outnumbered).
 19897 | D:13     | Found a portal to a secret trove of treasure.
 19994 | D:13     | Reached skill level 15 in Fighting
 20054 | D:13     | 20054 ||| INVOKING Heroism.
 20481 | D:13     | 20481 ||| INVOKING Heroism.
 20631 | D:13     | Noticed Sonja
 20633 | D:13     | 20633 ||| Stepping ~*~*~tactically~*~*~ (outnumbered).
 20635 | D:13     | 20635 ||| RETREATING.
 20637 | D:13     | Killed Sonja
 20640 | D:13     | 20640 ||| Stepping ~*~*~tactically~*~*~ (retreating).
 20642 | D:13     | 20642 ||| INVOKING Heroism.
 20648 | D:13     | 20648 ||| Stepping ~*~*~tactically~*~*~ (retreating).
 20786 | D:13     | 20786 ||| INVOKING Heroism.
 20792 | D:13     | 20792 ||| Stepping ~*~*~tactically~*~*~ (retreating).
 20916 | D:13     | 20916 ||| INVOKING Heroism.
 21190 | D:13     | 21190 ||| DROPPING +6 ring of strength.
 21191 | D:13     | 21191 ||| READING scroll labelled IKOUNWY IZIGGEHAGG.
 21283 | D:14     | 21283 ||| INVOKING Heroism.
 21288 | D:14     | 21288 ||| Stepping ~*~*~tactically~*~*~ (retreating).
 21289 | D:14     | 21289 ||| Stepping ~*~*~tactically~*~*~ (retreating).
 21290 | D:14     | 21290 ||| Stepping ~*~*~tactically~*~*~ (retreating).
 21292 | D:14     | 21292 ||| Stepping ~*~*~tactically~*~*~ (retreating).
 21294 | D:14     | 21294 ||| Stepping ~*~*~tactically~*~*~ (retreating).
 21296 | D:14     | 21296 ||| Stepping ~*~*~tactically~*~*~ (retreating).
 21307 | D:14     | 21307 ||| INVOKING Heroism.
 21309 | D:14     | Reached skill level 9 in Dodging
 21314 | D:14     | HP: 16/103 [skeletal warrior/+1 battleaxe of freezing (11)]
 21315 | D:14     | 21315 ||| READING 3 scrolls of teleportation.
 21315 | D:14     | HP: 7/103 [skeletal warrior/+1 battleaxe of freezing (1)]
 21316 | D:14     | 21316 ||| DRINKING potion of heal wounds.
 21582 | D:14     | 21582 ||| INVOKING Heroism.
 21812 | D:14     | 21812 ||| INVOKING Heroism.
 21854 | D:14     | Found a gate to the Vaults.
 21855 | D:14     | 21855 ||| RETREATING.
 21861 | D:14     | 21861 ||| Stepping ~*~*~tactically~*~*~ (outnumbered).
 21878 | D:14     | 21878 ||| Stepping ~*~*~tactically~*~*~ (retreating).
 21879 | D:14     | 21879 ||| Stepping ~*~*~tactically~*~*~ (outnumbered).
 21885 | D:14     | 21885 ||| INVOKING Heroism.
 21898 | D:14     | 21898 ||| RETREATING.
 21921 | D:14     | 21921 ||| Stepping ~*~*~tactically~*~*~ (outnumbered).
 21922 | D:14     | 21922 ||| Stepping ~*~*~tactically~*~*~ (retreating).
 21922 | D:14     | HP: 26/104 [deep elf pyromancer/+0 dagger (1)]
 21923 | D:14     | 21923 ||| READING 2 scrolls of teleportation.
 21924 | D:14     | 21924 ||| DRINKING potion of heal wounds.
 22148 | D:14     | 22148 ||| INVOKING Heroism.
 22154 | D:14     | Reached XP level 16. HP: 84/110 MP: 21/23
 22225 | D:14     | Found an ancient bone altar of Kikubaaqudgha.
 22226 | D:14     | 22226 ||| INVOKING Heroism.
 22343 | D:14     | 22343 ||| READING scroll of enchant armour.
 22343 | D:14     | 22343 ||| ENCHANTING +1 pair of gloves of strength.
 22412 | D:14     | Identified the +5 shortbow "Qaoraew" {freeze, rPois rF+
                  | Int+3 Dex-3} (Okawaru gifted it to you on level 14 of the
                  | Dungeon)
 22412 | D:14     | Received a gift from Okawaru
 22510 | D:14     | Identified the +12 flail of the Conjuring Gods {freeze, rC-
                  | Str+4 Dex+2}
 22523 | D:14     | 22523 ||| INVOKING Heroism.
 22525 | D:14     | 22525 ||| RETREATING.
 22731 | D:14     | Found the +10 pair of quick blades "Gyre" and "Gimble"
                  | {protect}
 22732 | D:14     | 22732 ||| INVOKING Heroism.
 23028 | D:14     | 23028 ||| RETREATING.
 23050 | D:14     | 23050 ||| INVOKING Heroism.
 23094 | D:14     | 23094 ||| INVOKING Heroism.
 23344 | D:14     | 23344 ||| INVOKING Heroism.
 23457 | D:14     | 23457 ||| Stepping ~*~*~tactically~*~*~ (outnumbered).
 23460 | D:14     | 23460 ||| RETREATING.
 23468 | D:14     | 23468 ||| Stepping ~*~*~tactically~*~*~ (retreating).
 23469 | D:14     | 23469 ||| Stepping ~*~*~tactically~*~*~ (retreating).
 23470 | D:14     | 23470 ||| Stepping ~*~*~tactically~*~*~ (retreating).
 23473 | D:14     | 23473 ||| INVOKING Heroism.
 23475 | D:14     | Received a gift from Okawaru
 23477 | D:14     | HP: 28/112 [deep elf archer/+0 quarterstaff (9)]
 23478 | D:14     | 23478 ||| READING scroll of teleportation.
 23480 | D:14     | HP: 3/112 [deep elf archer/+0 quarterstaff (11)]
 23862 | D:14     | 23862 ||| INVOKING Heroism.
 23876 | D:14     | 23876 ||| RETREATING.
 23880 | D:14     | 23880 ||| RETREATING.
 23882 | D:14     | 23882 ||| Stepping ~*~*~tactically~*~*~ (retreating).
 23883 | D:14     | 23883 ||| Stepping ~*~*~tactically~*~*~ (retreating).
 23884 | D:14     | 23884 ||| Stepping ~*~*~tactically~*~*~ (retreating).
 23885 | D:14     | 23885 ||| Stepping ~*~*~tactically~*~*~ (retreating).
 23886 | D:14     | 23886 ||| Stepping ~*~*~tactically~*~*~ (retreating).
 23887 | D:14     | 23887 ||| Stepping ~*~*~tactically~*~*~ (retreating).
 23888 | D:14     | 23888 ||| Stepping ~*~*~tactically~*~*~ (retreating).
 23889 | D:14     | 23889 ||| Stepping ~*~*~tactically~*~*~ (retreating).
 23898 | D:14     | 23898 ||| INVOKING Heroism.
 23904 | D:14     | Received a gift from Okawaru
 23924 | D:14     | 23924 ||| INVOKING Heroism.
 23932 | D:14     | HP: 25/112 [red ugly thing (5)]
 23948 | D:14     | HP: 18/112 [cyan ugly thing[a boggart] (2)]
 23959 | D:14     | HP: 15/112 [brown ugly thing (2)]
 23959 | D:14     | HP: 6/112 [acid (9)]
 23960 | D:14     | Slain by a brown ugly thing

Levels and vault maps discovered:
D:1:      scummos_arrival_forest, layout_loops_ring,
          shapermc_ecumenical_altar_hornbeckon, serial_shops, shop
D:2:      layout_basic, serial_shops, nicolae_shop_tiny_real_fake_doors
D:3:      layout_loops_cross, mainiacjoe_overflow_brackets,
          mainiacjoe_overflow_tiny_flanked, serial_shops,
          nicolae_shop_hallway_stairs
D:4:      layout_basic, mainiacjoe_overflow_alcove_1,
          minmay_temple_entry_junction, minmay_misc_feat_tiny,
          nicolae_specific_store, minmay_misc_feat_diagonals,
          chequers_arboretum, kennysheep_generic_room_13, uniq_grinder,
          uniq_eustachio
D:5:      minmay_general_purpose_star, layout_basic
D:6:      wad_crossroads, layout_loops_ring, nicolae_shop_distant_corner_stores,
          minmay_unpleasant_kobolds
D:7:      layout_basic, abandoned_shop, minivault_1
D:8:      layout_cave_pools
D:9:      lemuel_insect_pit, layout_rooms, general_overflow_altar,
          nicolae_overflow_hidden_temple, nicolae_elyvilon_temple_path,
          uniq_erolcha
D:10:     layout_loops_ring, enter_bailey_4, nicolae_alphabet_shops, uniq_urug,
          uniq_maurice, uniq_lodul
D:11:     layout_roguey, due_lair_maze_entry_diamond, uniq_grum
D:12:     layout_stronghold, orc_david_3, ebering_ghost_inner_flame,
          worms_lemuel
D:13:     layout_loops_corners, enter_trove_1, eino_house_with_fridge,
          uniq_sonja, uniq_rupert, uniq_jorgrun
D:14:     evilmike_negative_zone, layout_cave_pools,
          lightli_vaults_fourway_checkpoint, beargit_elvish_explorers
Temple:   nicolae_temple_x_marks_the_god
Lair:1:   layout_regular_city
Lair:2:   layout_small_grid, swamp_mist_pool,
          hellmonk_spider_entry_life_and_decay, portal_ice_cave_entry_pillars_1,
          bh_autumn_forest_stairs
Lair:3:   layout_regular_city, grunt_megastairs_1
Lair:4:   layout_loops_ring, minmay_slime_entry_oklob_open
Lair:5:   hangedman_lair_in_review, layout_concentric_octagons, st_stairs_12,
          lemuel_fruit_fields

Skill      XL: |  1  2  3  4  5  6  7  8  9 10 11 12 13 14 15 16 |
---------------+-------------------------------------------------+-----
Ranged Weapons | 5 6 7 8 9 11 12 13 15 17 18 | 18.0
Fighting       | 3 4 6 7 8 9 10 11 13 16 17 | 17.0
Armour         | 2 4 5 7 9 10 11 | 11.0
Invocations    | 3 4 6 9 10 | 10.0
Dodging        | 2 3 4 5 7 9 10 | 10.0
Stealth        | |  1.1

Action                     |  1- 3 |  4- 6 |  7- 9 | 10-12 | 13-15 | 16-18 || total
---------------------------+-------+-------+-------+-------+-------+-------++-------
   Fire: Shortbow          |   140 |   148 |   361 |       |       |       ||   649
         Orcbow            |       |       |    27 |   323 |       |       ||   350
         Arbalest          |       |       |       |   404 |  1475 |   342 ||  2221
 Invoke: Heroism           |       |     1 |    12 |    26 |    45 |    10 ||    94
         Finesse           |       |       |       |     3 |     8 |       ||    11
    Use: Scroll            |     4 |     7 |    12 |     4 |     8 |     2 ||    37
         Potion            |       |     2 |     1 |     2 |     3 |       ||     8
 Armour: Leather armour    |    33 |       |       |   246 |   137 |       ||   416
         Ring mail         |    10 |   103 |   151 |   173 |   691 |   301 ||  1429
  Dodge: Dodged            |    41 |    63 |   139 |   432 |   810 |   322 ||  1807

Table legend:
 A = Non-vault XP
 B = Vault XP
 C = Vault XP percentage of total XP
 D = Non-vault monster count
 E = Vault monster count
 F = Vault count percentage of total count
                 A         B        C        D         E       F
            +---------+---------+-------+---------+---------+-------
      Total |   96813 |   59114 |  37.9 |     452 |     162 |  26.4
            +---------+---------+-------+---------+---------+-------
        D:1 |      31 |       0 |   0.0 |      17 |       0 |   0.0
        D:2 |      47 |       0 |   0.0 |      21 |       0 |   0.0
        D:3 |      70 |       0 |   0.0 |      17 |       0 |   0.0
        D:4 |     311 |     549 |  63.8 |      22 |       4 |  15.4
        D:5 |     385 |     246 |  39.0 |      10 |       4 |  28.6
        D:6 |     844 |     228 |  21.3 |      19 |      10 |  34.5
        D:7 |    1153 |       0 |   0.0 |      16 |       0 |   0.0
        D:8 |    1782 |       0 |   0.0 |      24 |       0 |   0.0
        D:9 |    2588 |     871 |  25.2 |      24 |       1 |   4.0
       D:10 |    3652 |    2811 |  43.5 |      19 |      15 |  44.1
       D:11 |    6290 |    2507 |  28.5 |      33 |      18 |  35.3
       D:12 |    2427 |     296 |  10.9 |      13 |       2 |  13.3
       D:13 |   10929 |    5406 |  33.1 |      19 |      16 |  45.7
       D:14 |   10487 |   31645 |  75.1 |      17 |      60 |  77.9
     Lair:1 |    6888 |       0 |   0.0 |      25 |       0 |   0.0
     Lair:2 |    8541 |    1140 |  11.8 |      43 |       5 |  10.4
     Lair:3 |    6517 |    1821 |  21.8 |      19 |       4 |  17.4
     Lair:4 |    9791 |     520 |   5.0 |      28 |       1 |   3.4
     Lair:5 |   24080 |   11074 |  31.5 |      66 |      22 |  25.0
            +---------+---------+-------+---------+---------+-------
